 Dungeon Crawl Stone Soup version 0.29-a0-23-ga79f92ac9c (webtiles) character file.

Game seed: 7203292859593858960

144 HallandMoats the Skirmisher (level 5, -6/33 HPs)
             Began as a Gargoyle Fighter on Jan 31, 2022.
             Killed by divine providence
             ... invoked by an orc priest
              (10 damage)
             ... on level 3 of the Dungeon.
             The game lasted 00:03:12 (2426 turns).

HallandMoats the Skirmisher (Gargoyle Fighter)      Turns: 2426, Time: 00:03:13

Health: -6/33      AC: 24    Str: 20    XL:     5   Next: 27%
Magic:  6/6        EV:  9    Int:  8    God:
Gold:   153        SH:  4    Dex: 11    Spells: 4/4 levels left

rFire   . . .      SeeInvis .   b - +2 short sword (protect)
rCold   . . .      Faith    .   c - +0 buckler
rNeg    + . .      Spirit   .   e - +0 scale mail
rPois   ∞          Reflect  .   (no helmet)
rElec   +          Harm     .   (no cloak)
rCorr   .          Rampage  .   n - +1 pair of gloves
Will    .....                   (no boots)
Stlth   ..........              (no amulet)
HPRegen 0.11/turn               m - +4 ring of protection
MPRegen 0.10/turn               (no ring)

@: under a protective aura
A: sickness immunity, AC +4, negative energy resistance 1, electricity
resistance, torment resistance 1, petrification resistance
a: no special abilities


You were on level 3 of the Dungeon.
You visited 1 branch of the dungeon, and saw 3 of its levels.

You collected 153 gold pieces.

Inventory:

Hand Weapons
 a - a +0 flail
 b - a +2 short sword of protection (weapon)
Armour
 c - a +0 buckler (worn)
 e - a +0 scale mail (worn)
 n - a +1 pair of gloves (worn)
Jewellery
 m - a +4 ring of protection (left hand)
Scrolls
 f - a scroll of teleportation {unknown}
 g - a scroll of vulnerability {unknown}
 h - 3 scrolls of fear {unknown}
 j - a scroll of summoning {unknown}
 l - a scroll of identify {unknown}
 p - a scroll of brand weapon {unknown}
Potions
 d - a potion of might
 i - a potion of magic {unknown}
 k - a potion of heal wounds {unknown}
 o - 2 potions of brilliance {unknown}


   Skills:
 * Level 4.1 Fighting
 * Level 3.1 Maces & Flails
 + Level 3.7 Armour
 + Level 1.0 Dodging
 + Level 3.6 Shields
 * Level 2.2 Invocations


You had 4 spell levels left.
You didn't know any spells.
Your spell library was empty.

Dungeon Overview and Level Annotations

Branches:
Dungeon (3/15)

Altars:

Annotations:
D:3 3 runed translucent doors


Innate Abilities, Weirdness & Mutations

You are immune to sickness and miasma.
Your stone body is resilient. (AC +4)
You are immune to poison.
You resist negative energy. (rN+)
You are resistant to electric shocks. (rElec)
You are resistant to unholy torment.
You are immune to petrification.


Message History

The orc hits you but does no damage.
You closely miss the orc priest.
The orc priest hits you but does no damage.
The orc hits you but does no damage.
The orc priest miscasts a cantrip.
You hit the orc priest.
The orc priest is lightly wounded.
The orc hits you but does no damage. The orc priest barely misses you.
An orc comes into view. It is wielding a +0 falchion.
You barely miss the orc priest.
The orc priest is lightly wounded.
The orc barely misses you. The orc priest barely misses you.
You hit the orc priest.
The orc priest is lightly wounded.
The orc closely misses you. The orc priest barely misses you.
You hit the orc priest.
The orc priest is moderately wounded.
The orc hits you with a +0 trident. You block the orc priest's attack.
You hit the orc priest but do no damage.
The orc priest is moderately wounded.
The orc hits you with a +0 trident.
The orc priest hits you with a +0 war axe!
The orc hits you with a +0 trident.
You hit the orc priest.
The orc priest is heavily wounded.
The orc priest barely misses you. You block the orc's attack.
You hit the orc priest.
The orc priest is almost dead.
The orc priest mumbles some strange prayers to Beogh against you.
Beogh smites you! You block the orc's attack.
The orc priest mumbles some strange prayers to Beogh against you.
Pain shoots through your body!
* * * LOW HITPOINT WARNING * * *
You hit the orc priest but do no damage.
The orc priest is severely wounded.
A dart slug comes into view.
You block the orc's attack.
The orc priest invokes the aid of Beogh against you.
Beogh smites you!
You die...

.# #..##..##
##. ## ##..#
..####... #
###.##.........
#..w.#.........
#.##.##.......#
#. #..###+++###
# ##..........
#...o.....#
###@####.## #o#
.o# #### #.#
######## #.#
#...##.# #.#
#.###..## #.#
#.#.#((.####
#.#
#.#.####...##
#.#


You could see an orc priest, a dart slug (wandering) and 2 orcs.

Vanquished Creatures
  Jessica (D:2)
  An orc wizard (D:3)
  An adder (D:3)
  3 dart slugs
  6 orcs (D:3)
  6 ball pythons
  6 endoplasms
  3 giant cockroaches
  A goblin (D:3)
  7 jackals
  2 quokkas
  6 bats
  2 frilled lizards (D:1)
  11 kobolds
  23 rats
79 creatures vanquished.

Vanquished Creatures (others)
  3 fungi (D:2)
  5 toadstools (D:2)
8 creatures vanquished.

Grand Total: 87 creatures vanquished

Notes
Turn   | Place    | Note
-------+----------+-------------------------------------------
     0 | D:1      | HallandMoats the Gargoyle Fighter began the quest for the
                  | Orb.
     0 | D:1      | Reached XP level 1. HP: 14/14 MP: 1/1
   227 | D:1      | Reached XP level 2. HP: 19/19 MP: 2/2
   395 | D:1      | Reached skill level 1 in Invocations
   443 | D:1      | Reached XP level 3. HP: 9/23 MP: 3/3
   772 | D:1      | Found a faded altar of an unknown god.
  1316 | D:2      | Noticed Jessica
  1324 | D:2      | Killed Jessica
  1325 | D:2      | Reached XP level 4. HP: 28/29 MP: 3/5
  1606 | D:3      | Reached skill level 4 in Fighting
  1859 | D:3      | Reached XP level 5. HP: 33/33 MP: 6/6
  1991 | D:3      | Reached skill level 1 in Dodging
  2414 | D:3      | Found a runed translucent gate.
  2414 | D:3      | Found a runed translucent gate.
  2414 | D:3      | Found a runed translucent gate.
  2426 | D:3      | Killed from afar by an orc priest

Illustrated notes

Levels and vault maps discovered:
D:1:      dpeg_arrival_oval, layout_basic, basic_ecumenical_altar
D:2:      layout_rooms, minmay_gold_behind_fungi, kennysheep_jessica_study
D:3:      layout_loops_corners, gammafunk_ghost_icy, minmay_rat_hole

Skill      XL: |  1  2  3  4  5 |
---------------+----------------+-----
Invocations    | 1 2 |  2.2
Fighting       | 4 |  4.1
Maces & Flails | 3 |  3.1
Dodging        | 1 |  1.0
Armour         | |  3.7
Shields        | |  3.6

Action                   |  1- 3 |  4- 6 || total
-------------------------+-------+-------++-------
Melee: Short sword       |    93 |   151 ||   244
       Flail             |     8 |       ||     8
 Stab: Distracted        |       |     1 ||     1
Armor: Scale mail        |    71 |    91 ||   162
Dodge: Dodged            |    39 |    54 ||    93
Block: Buckler           |    31 |    22 ||    53

Table legend: (Time is in decaauts)
 A = Elapsed time spent in this place.
 B = Non-inter-level travel time spent in this place.
 C = Inter-level travel time spent in this place.
 D = Time resting spent in this place.
 E = Time spent auto-exploring this place.
 F = Levels seen in this place.
 G = Mean time per level.
                   A        B        C        D        E       F      G
               +--------+--------+--------+--------+--------+-----+--------+
         Total |   2466 |   2438 |     28 |    189 |   1705 |   3 |  822.0 |
       Dungeon |   2466 |   2438 |     28 |    189 |   1705 |   3 |  822.0 |
               +--------+--------+--------+--------+--------+-----+--------+

Top non-repeatable levels by time:
     D:1: 927 daAuts
     D:3: 904 daAuts
     D:2: 634 daAuts
